 Dungeon Crawl Stone Soup version 0.27-a0-1359-ga2a4dfd6fd (webtiles) character file.

Game seed: 2122048395755030883

134670 lmSkywalker the Grappler (level 16, -6/141 HPs)
             Began as a Pale Draconian Transmuter on June 18, 2021.
             Was the Champion of Cheibriados.
             Mangled by an anaconda (12 damage)
             ... on level 4 of the Snake Pit on June 29, 2021.
             The game lasted 04:09:55 (37535 turns).

lmSkywalker the Grappler (DrTm)                    Turns: 37535, Time: 04:09:56

Health: -6/141     AC: 14    Str: 30    XL:     16   Next: 62%
Magic:  0/36       EV: 20    Int: 34    God:    Cheibriados [******]
Gold:   1460       SH:  9    Dex: 26    Spells: 10/30 levels left

rFire    + + .     SeeInvis .     - Unarmed
rCold    . . .     Faith    .   N - +3 warlock's mirror {reflect}
rNeg     . . .     Spirit   +   (armour unavailable)
rPois    .         Reflect  +   h - +0 hat
rElec    +         Harm     .   W - +0 cloak "Moedu" {Fly}
rCorr    .         Rampage  .   L - +1 pair of gloves
Will     ++...                  o - +1 pair of boots
Stlth    +++.......             Q - amulet of guardian spirit
HPRegen  0.33/turn              O - ring of the Moon {Contam rElec rF++ Will+}
MPRegen  0.25/turn              A - ring of magical power

@: lethally poisoned (-6 -> -11), about to teleport, short of breath, flying,
slowed, constricted, studying Stealth, very slow
A: breathe steam, AC +9, unfitting armour, cold-blooded, steam resistance
a: Breathe Steam, Renounce Religion, Bend Time, Temporal Distortion, Slouch,
Step From Time


You were on level 4 of the Snake Pit.
You worshipped Cheibriados.
Cheibriados was exalted by your worship.
You visited 4 branches of the dungeon, and saw 22 of its levels.
You also visited: Ossuary.

You collected 2196 gold pieces.
You spent 736 gold pieces at shops.

Inventory:

Missiles
 b - 49 poisoned darts (quivered)
 F - 4 curare-tipped darts
Armour
 h - a +0 hat (worn)
 o - a +1 pair of boots (worn)
 u - a +0 cloak of preservation
 L - a +1 pair of gloves (worn)
 N - the +3 warlock's mirror (worn) {reflect}
   (You found it on level 2 of the Snake Pit)
 W - the +0 cloak "Moedu" (worn) {Fly}
   (You acquired it on level 4 of the Snake Pit)

   Fly:       It grants you flight.
Jewellery
 A - a ring of magical power (right hand)
 O - the ring of the Moon (left hand) {Contam rElec rF++ Will+}
   (You found it on level 3 of the Lair of Beasts)

   [ring of willpower]

   rF:        It greatly protects you from fire.
   rElec:     It insulates you from electricity.
   Contam:    It causes magical contamination when unequipped.
   Will:      It increases your willpower.
 Q - an amulet of guardian spirit (around neck)
Wands
 d - a wand of paralysis (10)
 q - a wand of iceblast (14)
 r - a wand of flame (15)
 B - a wand of mindburst (14)
 C - a wand of acid (18)
 R - a wand of charming (22)
 S - a wand of polymorph (21)
 U - a wand of digging (6)
Scrolls
 a - 4 scrolls of enchant weapon
 e - 3 scrolls of immolation
 g - a scroll of brand weapon
 k - 3 scrolls of teleportation
 l - 2 scrolls of fog
 s - 2 scrolls of magic mapping {unknown}
 t - a scroll of summoning {unknown}
 v - a scroll of noise
 D - 2 scrolls of vulnerability
 E - 2 scrolls of torment
 I - 2 scrolls of enchant armour {unknown}
 M - a scroll of amnesia
 V - 3 scrolls of identify
Potions
 f - 3 potions of flight
 i - a potion of invisibility
 j - 7 potions of curing
 m - 4 potions of heal wounds
 n - 5 potions of might
 p - 4 potions of magic
 w - 8 potions of lignification
 x - 6 potions of attraction
 z - 3 potions of cancellation
 G - a potion of mutation
 H - 4 potions of ambrosia
 J - 2 potions of brilliance
 P - a potion of resistance


   Skills:
 + Level 12.6 Fighting
 + Level 11.7 Dodging
 - Level 4.0 Stealth
 - Level 4.0 Shields
 + Level 12.9 Unarmed Combat
 - Level 7.5 Spellcasting
 - Level 1.1 Hexes
 + Level 9.7 Translocations
 + Level 11.4 Transmutations
 + Level 10.7 Earth Magic
 - Level 1.0 Poison Magic
 - Level 9.7 Invocations
 - Level 2.6 Evocations


You had 10 spell levels left.
You knew the following spells:

 Your Spells              Type           Power      Damage    Failure   Level
a - Statue Form           Tmut/Erth      48%        N/A       5%          6
b - Wereblood             Tmut           74%        N/A       1%          2
c - Manifold Assault      Tloc           68%        N/A       1%          5
d - Passwall              Tmut/Erth      60%        N/A       1%          2
e - Gell's Gravitas       Tloc           34%        N/A       1%          3
f - Beastly Appendage     Tmut           100%       N/A       1%          1
g - Corona                Hex            22%        N/A       2%          1

Your spell library contained the following spells:

 Spells                   Type           Power      Damage    Failure   Level
 Apportation              Tloc           100%       N/A       1%          1
 Sting                    Tmut/Pois      100%       1d8       1%          1
 Ignite Poison            Fire/Tmut/Pois 41%        N/A       1%          3
 Portal Projectile        Hex/Tloc       98%        N/A       1%          3
 Spider Form              Tmut/Pois      26%        N/A       1%          3
 Teleport Other           Tloc           68%        N/A       1%          3
 Passage of Golubria      Tloc           N/A        N/A       1%          4
 Petrify                  Tmut/Erth      73%        N/A       1%          4
 Animate Skeleton         Necr           24%        N/A       3%          1
 Shock                    Conj/Air       48%        1d6       3%          1
 Summon Small Mammal      Summ           48%        N/A       3%          1
 Ice Form                 Ice/Tmut       51%        N/A       3%          4
 Leda's Liquefaction      Hex/Erth       26%        N/A       3%          4
 Ensorcelled Hibernation  Hex/Ice        32%        N/A       4%          2
 Poisonous Vapours        Pois/Air       32%        N/A       4%          2
 Iskenderun's Mystic Bla  Conj/Tloc      45%        2d10      4%          4
 Static Discharge         Conj/Air       12%        N/A       5%          2
 Confusing Touch          Hex            20%        N/A       6%          3
 Tukima's Dance           Hex            20%        N/A       6%          3
 Yara's Violent Unravell  Hex/Tmut       26%        3d11      8%          5
 Dazzling Flash           Conj/Hex       32%        N/A       9%          3
 Mephitic Cloud           Conj/Pois/Air  15%        N/A       9%          3
 Dispersal                Tloc           34%        N/A       10%         6
 Swiftness                Air            12%        N/A       11%         3
 Olgreb's Toxic Radiance  Pois           19%        N/A       22%         4
 Fulminant Prism          Conj/Hex       8%         3d7       26%         4
 Airstrike                Air            6%         N/A       34%         4
 Metabolic Englaciation   Hex/Ice        8%         N/A       58%         5
 Fireball                 Conj/Fire      6%         3d5       67%         5
 Freezing Cloud           Conj/Ice/Air   6%         6-21      67%         5
 Lightning Bolt           Conj/Air       6%         1d18      67%         5
 Starburst                Conj/Fire      6%         8x6d4     99%         6
 Disjunction              Tloc           34%        N/A       99%         8
 Ignition                 Fire           6%         3d4       100%        8


Dungeon Overview and Level Annotations

Branches:
Dungeon (11/15)            Temple (1/1) D:4            Lair (6/6) D:8
 Shoals (0/4) Lair:2        Snake (4/4) Lair:3        Slime (0/5) Lair:6
Ossuary (visited)
    Orc: D:9-12

Altars:
Ashenzari
Cheibriados
Dithmenos
Elyvilon
Fedhas
Gozag
Hepliaklqana
Kikubaaqudgha
Makhleb
Nemelex Xobeh
Okawaru
Qazlal
Ru
Sif Muna
Trog
Uskayaw
Vehumet
Wu Jian
Xom
Yredelemnul
Zin
The Shining One
Jiyva

Shops:
D:1 [   D:11 (   Snake:4 ![*(

Annotations:
Lair:4 1 runed translucent door, puppykicker's ghost, journeyman GnCK


Innate Abilities, Weirdness & Mutations

You can breathe blasts of scalding, opaque steam.
Your pale cyan-grey scales are hard. (AC +9)
You cannot fit into any form of body armour.
You are cold-blooded and may be slowed by cold attacks.
You are immune to the effects of steam.


Message History

You feel very sick. The anaconda misses you.
* * * LOW HITPOINT WARNING * * *
The anaconda constricts you. The anaconda bites you.
* * * LOW HITPOINT WARNING * * *
x2 The anaconda constricts you.
The naga sharpshooter shoots an arrow.
You reflect the arrow off your +3 warlock's mirror {reflect}!
The arrow completely misses the naga sharpshooter.
You block the salamander's attack.
The anaconda bites you but does no damage.
The anaconda constricts you.
You feel very sick. You block the anaconda's attack.
* * * LOW HITPOINT WARNING * * *
The anaconda constricts you.
The naga sharpshooter shoots an arrow.
The arrow completely misses you.
The salamander hits you but does no damage.
The anaconda closely misses you.
* * * LOW HITPOINT WARNING * * *
The anaconda constricts you.
The naga sharpshooter shoots an arrow.
The arrow barely misses you.
As you read the scroll of teleportation, it crumbles to dust.
You feel strangely unstable.
You feel sick. The anaconda bites you!
* * * LOW HITPOINT WARNING * * *
The anaconda constricts you. The anaconda barely misses you.
* * * LOW HITPOINT WARNING * * *
The anaconda constricts you. The salamander misses you.
The naga sharpshooter spits poison at you.
Your +3 warlock's mirror {reflect} reflects the splash of poison!
The splash of poison hits the naga sharpshooter.
The anaconda bites you.
* * * LOW HITPOINT WARNING * * *
x2 The anaconda constricts you.
The salamander closely misses you.
Press: ? - help, Shift-Dir - straight line, f - naga sharpshooter
Aim: a naga sharpshooter, wielding a +0 shortbow, wearing a +0 robe and quivering arrows (moderately wounded, catching its breath)
You exhale a blast of scalding steam.
* * * LOW HITPOINT WARNING * * *
You feel sick. The anaconda barely misses you. The anaconda constricts you.
The anaconda bites you!
You die...

###.# ##..##.##..## #.###
#...((##.## #...#######
#...(.#...# ###...#...#
####.........# #########.....#
#....##......#
..............#####....##.....##
.....#.####...#...#....##.....#
#....###..##...)†N####.##..#..#
###..##....#####@S# #.#...#### .
####.....#####§## #.......# ..
#.......##..§# ##.......# ...
#...#...#...)####........####
...S#NNN##..#...N[).......#......
...SNS.# #).#..))).......##.###..
.⌠..NSS# #..#..[).......###.# #..
....NSS# #.)#.)#..###...#...# #..
....#.## #.)#÷.#..# #....∩..# ###


You could see a salamander and an anaconda.

Vanquished Creatures
  Vashnia (Snake:4)
  Rupert (Lair:5)
  2 nagarajas (Snake:4)
  Donald (Snake:2)
  Azrael (Snake:3)
  Josephine (Lair:5)
  Fannar (D:11)
  A boulder beetle (Lair:4)
  4 hydras
  4 catoblepae (Lair:6)
  13 naga warriors
  11 anacondas
  3 two-headed ogres
  8 death yaks (Lair:6)
  9 shock serpents
  17 naga sharpshooters
  2 salamander mystics
  Pikel (D:8)
  3 naga ritualists
  12 mana vipers
  An oklob plant (Lair:4)
  3 manticores
  2 merfolk sirens (Lair:2)
  Maurice (D:8)
  14 salamanders
  10 guardian serpents
  Joseph (D:8)
  39 black mambas
  24 naga magi
  9 cane toads
  3 rime drakes
  2 unseen horrors (D:11)
  8 komodo dragons
  2 trolls
  2 polar bears
  Prince Ribbit (D:5)
  19 blink frogs
  Sigmund (D:5)
  A vampire (D:10)
  12 spriggans (Lair:3)
  55 yaks
  6 wyverns
  6 wraiths
  5 fire elementals
  Grum (D:8)
  2 steam dragons
  4 basilisks
  Menkaure (D:5)
  3 wargs (D:8)
  55 nagas
  12 water moccasins
  An ice beast (D:6)
  2 hell hounds (Snake:3)
  4 orc warriors
  3 black bears
  2 ogres (D:5)
  13 wolves
  3 centaurs
  A lemure (D:8)
  3 kobold brigands
  12 bullfrogs
  2 gnoll sergeants
  6 scorpions
  A water moccasin zombie (D:5)
  48 killer bees
  2 howler monkeys
  An electric eel (Lair:2)
  2 centaur zombies (D:9)
  A lava snake (Lair:4)
  2 bullfrog zombies (D:5)
  3 jellies
  A gnoll shaman (D:5)
  5 orc priests
  2 hounds (D:5)
  A bullfrog skeleton (D:6)
  An iron imp (D:4)
  A scorpion zombie (D:5)
  Terence (D:2)
  12 hell rats
  5 iguanas
  10 orc wizards
  A killer bee zombie (D:5)
  A hound zombie (D:5)
  A hound skeleton (D:4)
  8 mummies (Ossuary)
  A howler monkey skeleton (D:7)
  10 gnolls
  11 adders
  7 river rats (Lair:2)
  A shadow imp (D:7)
  A white imp (D:3)
  3 ufetubi
  2 worms
  21 orcs
  8 ball pythons
  8 bats
  8 endoplasms
  3 giant cockroaches
  5 goblins
  6 hobgoblins
  8 jackals
  10 quokkas
  3 frilled lizards
  3 hobgoblin zombies (Ossuary)
  25 kobolds
  5 orc zombies (Ossuary)
  A quokka skeleton (D:4)
  21 rats
  A bush (Lair:4)
735 creatures vanquished.

Vanquished Creatures (others)
  A black mamba (Snake:4)
  A naga (Snake:2)
  55 fungi
  70 plants
  2 withered plants (Lair:4)
129 creatures vanquished.

Grand Total: 864 creatures vanquished

Notes
Turn   | Place    | Note
-------+----------+-------------------------------------------
     0 | D:1      | lmSkywalker the Draconian Transmuter began the quest for
                  | the Orb.
     0 | D:1      | Reached XP level 1. HP: 16/16 MP: 3/3
     9 | D:1      | Identified the Disquisition on Execration and Lightness
   269 | D:1      | Reached XP level 2. HP: 23/23 MP: 3/5
   318 | D:1      | Learned a level 2 spell: Wereblood
   320 | D:1      | Learned a level 1 spell: Corona
   728 | D:1      | Reached XP level 3. HP: 28/28 MP: 4/6
   740 | D:1      | Found Waalemax's Antique Armour Boutique.
   745 | D:1      | Found a faded altar of an unknown god.
  1274 | D:2      | Upgraded the game from 0.27-a0-1308-gc08437e49b to
                  | 0.27-a0-1319-geec4fb4e21
  1297 | D:2      | Noticed Terence
  1463 | D:2      | Killed Terence
  1464 | D:2      | Reached skill level 1 in Hexes
  1464 | D:2      | Reached XP level 4. HP: 21/35 MP: 5/7
  1880 | D:3      | Learned a level 3 spell: Spider Form
  2941 | D:3      | Reached XP level 5. HP: 28/40 MP: 5/8
  3129 | D:3      | Upgraded the game from 0.27-a0-1319-geec4fb4e21 to
                  | 0.27-a0-1322-gfdffb62a71
  3460 | D:4      | Found a shimmering blue altar of Sif Muna.
  3607 | D:4      | Reached skill level 1 in Poison Magic
  3708 | D:4      | Found a staircase to the Ecumenical Temple.
  3712 | D:4      | Identified Sif Muna's Reference Book on Dusty Translocation
  3742 | Temple   | Entered the Ecumenical Temple
  4830 | D:4      | Noticed a phantom
  4949 | D:5      | Entered Level 5 of the Dungeon
  4949 | D:5      | Noticed a centaur
  4949 | D:5      | Noticed a centaur
  5236 | D:5      | Found a snail-covered altar of Cheibriados.
  5236 | D:5      | Noticed Prince Ribbit
  5257 | D:4      | Reached XP level 6. HP: 24/47 MP: 10/10
  5417 | D:5      | Learned a level 2 spell: Passwall
  5458 | D:5      | Noticed Menkaure
  5570 | D:5      | Became a worshipper of Cheibriados the Contemplative
  6941 | D:5      | Reached skill level 1 in Earth Magic
  6941 | D:5      | Reached skill level 1 in Invocations
  7044 | D:5      | Your scales start taking on a pale cyan-grey colour.
  7044 | D:5      | Reached XP level 7. HP: 52/52 MP: 8/11
  7044 | D:5      | Gained mutation: You are immune to the effects of steam.
                  | [Pale Draconian growth]
  7360 | D:5      | Reached * piety under Cheibriados
  7392 | D:5      | Reached skill level 1 in Stealth
  7392 | D:5      | Reached skill level 5 in Unarmed Combat
  7432 | D:5      | Noticed Sigmund
  7437 | D:5      | Killed Sigmund
  7438 | D:5      | Reached skill level 5 in Transmutations
  7438 | D:5      | Reached XP level 8. HP: 59/59 MP: 12/12
  7470 | D:5      | Killed Menkaure
  8323 | D:5      | Killed Prince Ribbit
  8324 | D:5      | Reached XP level 9. HP: 64/64 MP: 9/13
  8339 | D:5      | Learned a level 3 spell: Gell's Gravitas
  8859 | D:6      | Reached skill level 5 in Dodging
  8859 | D:6      | Reached skill level 1 in Translocations
  8980 | D:6      | Found a glowing golden altar of the Shining One.
  9034 | D:6      | Found a shadowy altar of Dithmenos.
  9034 | D:6      | Found an ornate altar of the Wu Jian Council.
  9034 | D:6      | Found a hazy altar of Hepliaklqana.
  9037 | D:6      | Found a burning altar of Makhleb.
  9038 | D:6      | Found a sparkling altar of Nemelex Xobeh.
  9206 | D:6      | Reached ** piety under Cheibriados
  9407 | D:7      | Found an ancient bone altar of Kikubaaqudgha.
  9563 | D:7      | Found a sand-covered staircase.
  9573 | Ossuary  | Entered an ossuary
 10246 | D:7      | Reached skill level 1 in Evocations
 10440 | D:8      | Noticed Maurice
 10441 | D:8      | Reached *** piety under Cheibriados
 10455 | D:8      | Killed Maurice
 10505 | D:8      | Reached skill level 5 in Earth Magic
 10517 | D:8      | Reached XP level 10. HP: 53/78 MP: 15/15
 10679 | D:8      | Found a staircase to the Lair.
 11249 | D:8      | Found an iron altar of Okawaru.
 11802 | D:8      | Noticed Pikel
 11805 | D:8      | Killed Pikel
 11864 | D:8      | Noticed Joseph
 11880 | D:8      | Reached **** piety under Cheibriados
 11915 | D:8      | Killed Joseph
 12047 | D:8      | Noticed a two-headed ogre
 12055 | D:8      | Killed a two-headed ogre
 12056 | D:8      | Reached skill level 5 in Fighting
 12113 | D:8      | Noticed Grum
 12125 | D:8      | Killed Grum
 12388 | D:9      | Noticed a manticore
 12749 | D:9      | Reached ***** piety under Cheibriados
 12789 | D:9      | Reached XP level 11. HP: 86/86 MP: 18/18
 13273 | D:9      | Noticed a fire dragon
 13350 | D:10     | Entered Level 10 of the Dungeon
 13656 | D:10     | Noticed a two-headed ogre
 13690 | D:10     | Killed a two-headed ogre
 13691 | D:10     | Reached skill level 5 in Spellcasting
 13691 | D:10     | Reached skill level 5 in Translocations
 13831 | D:10     | Noticed a two-headed ogre
 13848 | D:10     | Killed a two-headed ogre
 14198 | D:11     | Noticed Fannar
 14217 | D:11     | Killed Fannar
 14515 | D:11     | Found Geymmene's Antique Weapon Emporium.
 15171 | Lair:1   | Entered Level 1 of the Lair of Beasts
 15604 | Lair:1   | Noticed a six-headed hydra
 15610 | Lair:1   | Killed a six-headed hydra
 15611 | Lair:1   | Reached skill level 5 in Invocations
 15671 | Lair:1   | Upgraded the game from 0.27-a0-1322-gfdffb62a71 to
                  | 0.27-a0-1359-ga2a4dfd6fd
 15679 | Lair:1   | Learned a level 5 spell: Manifold Assault
 16369 | Lair:1   | You fall into a shaft and drop 1 floor!
 16929 | Lair:1   | Reached XP level 12. HP: 67/97 MP: 12/20
 18104 | Lair:1   | Found the +8 mithril axe "Arga" {speed, Will+}
 19817 | Lair:2   | Found a staircase to the Shoals.
 21864 | Lair:3   | Reached ****** piety under Cheibriados
 21967 | Lair:3   | Noticed a six-headed hydra
 22724 | Lair:3   | Learned a level 6 spell: Statue Form
 22811 | Lair:3   | Found a staircase to the Snake Pit.
 22916 | Lair:3   | Killed a six-headed hydra
 22920 | Lair:3   | Reached XP level 13. HP: 107/107 MP: 6/22
 23148 | Lair:3   | Identified the ring of the Moon {Contam rElec rF++ Will+}
 24090 | Lair:4   | Found a runed translucent door.
 24091 | Lair:4   | Noticed puppykicker's ghost (journeyman GnCK)
 24767 | Lair:5   | Noticed Rupert
 24816 | Lair:5   | Killed Rupert
 25099 | Lair:5   | Reached skill level 10 in Unarmed Combat
 25418 | Lair:5   | Noticed Josephine
 25780 | Lair:5   | Killed Josephine
 26021 | Lair:6   | Entered Level 6 of the Lair of Beasts
 26620 | Lair:6   | Reached XP level 14. HP: 118/118 MP: 13/25
 27204 | Lair:6   | Found a viscous altar of Jiyva.
 27207 | Lair:6   | Found a staircase to the Slime Pits.
 27394 | Lair:6   | Reached skill level 10 in Transmutations
 27924 | Snake:1  | Entered Level 1 of the Snake Pit
 28377 | Snake:1  | Reached skill level 10 in Fighting
 29790 | Snake:1  | Reached skill level 10 in Dodging
 31027 | Snake:2  | Reached XP level 15. HP: 100/128 MP: 4/26
 32168 | Snake:2  | Noticed Donald
 32176 | Snake:2  | Killed Donald
 32767 | Snake:2  | Found the +3 warlock's mirror {reflect}
 33251 | Snake:3  | Reached skill level 1 in Shields
 33336 | Snake:3  | Noticed Azrael
 34142 | Snake:3  | Killed Azrael
 34564 | Snake:4  | Entered Level 4 of the Snake Pit
 34581 | Snake:3  | Reached skill level 10 in Earth Magic
 34790 | Snake:4  | Reached XP level 16. HP: 139/139 MP: 21/27
 34902 | Snake:4  | Noticed Vashnia
 35005 | Snake:4  | Found Val Laofang's Antique Armour Shoppe.
 35102 | Snake:4  | Found Nesie's Antique Weapon Shoppe.
 36152 | Snake:4  | Killed Vashnia
 36543 | Snake:4  | Found Gusadgh's Distillery.
 36545 | Snake:4  | Found Ylunnesha's CLEARANCE SALE! EVERYTHING MUST GO!.
 36555 | Snake:4  | Bought a scroll of acquirement for 260 gold pieces
 36555 | Snake:4  | Acquired the +0 cloak "Moedu" {Fly}
 36571 | Snake:4  | Acquired 588 gold pieces
 36596 | Snake:4  | Bought a potion of might for 68 gold pieces
 36596 | Snake:4  | Bought a potion of magic for 136 gold pieces
 36596 | Snake:4  | Bought 2 potions of cancellation for 272 gold pieces
 36775 | Snake:4  | Found a radiant altar of Vehumet.
 37534 | Snake:4  | HP: 7/141 [anaconda (1)]
 37535 | Snake:4  | Mangled by an anaconda

Illustrated notes

Levels and vault maps discovered:
D:1:      dpeg_arrival_water_temple_mockup, layout_loops_ring, serial_shops,
          shop, ebering_ecumenical_altar_abandoned
D:2:      layout_rooms, uniq_terence
D:3:      layout_loops_ring
D:4:      layout_gridville, lemuel_doored_altar, minmay_temple_entry_offerings,
          kennysheep_generic_room_16
D:5:      minmay_general_purpose_star, layout_basic, slow_altar_1,
          minmay_manual_mares, uniq_prince_ribbit1, uniq_sigmund, uniq_menkaure
D:6:      layout_basic, minitemple
D:7:      layout_rooms, kiku_gazebo_pond_becter, nicolae_ossuary_entry_plus
D:8:      old_forge, layout_basic, lemuel_coloured_pillars_altar,
          erik_lair_orcish_takeover, uniq_maurice, uniq_joseph, uniq_pikel,
          uniq_grum
D:9:      layout_basic, minmay_puff
D:10:     layout_cave_pools
D:11:     minmay_evil_eye, layout_long_grid, serial_shops, shop_statue,
          enter_bailey_2, uniq_fannar
Temple:   minmay_temple_bridge_abc
Lair:1:   statuecave_lemuel, layout_regular_city, minivault_27,
          serial_bayou_shore_b, grunt_megastairs_3
Lair:2:   lemuel_ratsnest, layout_small_grid, elwin_shoals_entry_rooms
Lair:3:   wad_woods_minihive, layout_regular_city,
          minmay_snake_entry_spellcaster, st_stairs_10
Lair:4:   layout_gridlike, gammafunk_ghost_grave, minmay_lair_oklob_items,
          chequers_serial_rivers_micro_e
Lair:5:   layout_big_grid, uniq_josephine, uniq_rupert
Lair:6:   evilmike_catoblepas_cave, layout_loops_ring, slime_altar_1
Snake:1:  layout_chambers, grunt_megastairs_1
Snake:2:  layout_misc_corridors, uniq_donald
Snake:3:  layout_onion_interference, uniq_azrael
Snake:4:  grunt_snake_rune_serpentine_throne, layout_misc_corridors,
          basic_altar, serial_shops, shop_fountains, shop, shop,
          nicolae_shop_clearance, uniq_vashnia

Skill      XL: |  1  2  3  4  5  6  7  8  9 10 11 12 13 14 15 16 |
---------------+-------------------------------------------------+-----
Dodging        | 2 3 4 5 6 7 8 9 10 11 | 11.7
Hexes          | 1 |  1.1
Poison Magic   | 1 |  1.0
Unarmed Combat | 4 5 6 7 8 9 10 11 12 | 12.9
Transmutations | 3 4 5 6 7 8 9 10 11 | 11.4
Spellcasting   | 3 4 5 6 7 |  7.5
Earth Magic    | 1 2 3 5 6 7 8 9 10 | 10.7
Invocations    | 1 2 3 5 6 8 9 |  9.7
Stealth        | 2 4 |  4.0
Translocations | 3 4 6 8 9 |  9.7
Fighting       | 3 5 6 8 9 10 11 12 | 12.6
Evocations     | 2 |  2.6
Shields        | 4 |  4.0

Action                   |  1- 3 |  4- 6 |  7- 9 | 10-12 | 13-15 | 16-18 || total
-------------------------+-------+-------+-------+-------+-------+-------++-------
Melee: Unarmed           |   105 |     3 |   163 |   663 |   734 |   204 ||  1872
       Kick              |    25 |    28 |    20 |    17 |       |       ||    90
       Headbutt          |     8 |    14 |     9 |     8 |       |       ||    39
       Tailslap          |     9 |    13 |    11 |    15 |   133 |    29 ||   210
       Hand axe          |    12 |   158 |       |       |       |       ||   170
       Punch             |       |     2 |       |     4 |    44 |       ||    50
Throw: Dart              |       |       |       |       |    17 |    12 ||    29
 Cast: Beastly Appendage |    26 |    45 |    28 |    21 |       |       ||   120
       Wereblood         |     3 |     4 |     9 |    11 |     6 |       ||    33
       Corona            |     1 |    31 |     4 |     1 |       |       ||    37
       Spider Form       |       |       |    24 |   142 |       |       ||   166
       Passwall          |       |       |       |     6 |    10 |    13 ||    29
       Manifold Assault  |       |       |       |     7 |    83 |    42 ||   132
       Statue Form       |       |       |       |     1 |   145 |    37 ||   183
       Gell's Gravitas   |       |       |       |       |    21 |     2 ||    23
Invok: Bend Time         |       |       |     2 |     7 |     3 |       ||    12
       Slouch            |       |       |       |     5 |     1 |       ||     6
       Temporal Distorti |       |       |       |     1 |     2 |     1 ||     4
 Abil: Breathe Steam     |       |       |    49 |    54 |     1 |     1 ||   105
       End Transformatio |       |       |     3 |     6 |     1 |       ||    10
Evoke: Wand              |       |       |     1 |     5 |       |       ||     6
  Use: Scroll            |       |     4 |     5 |    11 |     7 |     4 ||    31
       Potion            |       |       |       |       |     2 |       ||     2
 Stab: Sleeping          |       |       |     1 |     1 |     7 |       ||     9
Armor: Skin              |    46 |    42 |    12 |    17 |   383 |    86 ||   586
Dodge: Dodged            |    96 |   180 |   133 |   795 |   908 |   244 ||  2356
Block: Buckler           |       |       |       |       |    83 |   129 ||   212
       Reflection        |       |       |       |       |     9 |    32 ||    41

Table legend: (Time is in decaauts)
 A = Elapsed time spent in this place.
 B = Non-inter-level travel time spent in this place.
 C = Inter-level travel time spent in this place.
 D = Time resting spent in this place.
 E = Time spent auto-exploring this place.
 F = Levels seen in this place.
 G = Mean time per level.
                   A        B        C        D        E       F      G
               +--------+--------+--------+--------+--------+-----+--------+
         Total |  56262 |  51569 |   4693 |  11010 |  13606 |  23 | 2446.2 |
       Dungeon |  18583 |  16507 |   2076 |   4044 |   5063 |  11 | 1689.4 |
        Temple |    206 |    188 |     18 |      0 |    159 |   1 |  206.0 |
          Lair |  20567 |  19015 |   1552 |   2837 |   4810 |   6 | 3427.8 |
     Snake Pit |  16421 |  15376 |   1045 |   4118 |   3501 |   4 | 4105.2 |
       Ossuary |    483 |    483 |      0 |     11 |     72 |   1 |  483.0 |
               +--------+--------+--------+--------+--------+-----+--------+

Top non-repeatable levels by time:
 Snake:1: 5026 daAuts
 Snake:2: 4989 daAuts
  Lair:2: 4337 daAuts
  Lair:1: 4064 daAuts
     D:8: 3763 daAuts
 Snake:4: 3605 daAuts
  Lair:3: 3576 daAuts
     D:4: 3221 daAuts
  Lair:6: 3178 daAuts
  Lair:5: 3084 daAuts
 Snake:3: 2799 daAuts
  Lair:4: 2326 daAuts
     D:5: 1771 daAuts
     D:3: 1691 daAuts
    D:11: 1428 daAuts
